 Dungeon Crawl Stone Soup version 0.20.0-10-g0535bb4 (webtiles) character file.

186 vatarom the Caller (level 5, 0/28 HPs)
             Began as a Deep Elf Summoner on June 5, 2017.
             Slain by a gnoll
             ... wielding a +0 spear of piercing
              (2 damage)
             ... on level 4 of the Dungeon.
             The game lasted 00:11:41 (3703 turns).

vatarom the Caller (Deep Elf Summoner)              Turns: 3703, Time: 00:11:42

Health: 0/28       AC:  3    Str:  7    XL:     5   Next: 38%
Magic:  2/11       EV: 13    Int: 21    God:
Gold:   199        SH:  0    Dex: 15    Spells: 2/10 levels left

rFire    . . .     SeeInvis .   d - +3 dagger (venom)
rCold    + . .     Gourm    .   (no shield)
rNeg     . . .     Faith    .   a - +0 robe
rPois    .         Spirit   .   f - +0 helmet (curse)
rElec    .         Reflect  .   (no cloak)
rCorr    .         Harm     .   (no gloves)
MR       +....                  (no boots)
Stlth    ++........             g - amulet of regeneration (curse)
Regen    0.5/turn               (no ring)
MPRegen  0.2/turn               (no ring)

@: lethally poisoned (0 -> 0)
A: cold resistance 1, magic resistance 1, strong 1, evolution 1
a: no special abilities


You were on level 4 of the Dungeon.
You were not hungry.

You visited 1 branch of the dungeon, and saw 4 of its levels.

You collected 199 gold pieces.

Inventory:

Hand Weapons
 d - a +3 dagger of venom (weapon)
Armour
 a - a +0 robe (worn)
 f - a cursed +0 helmet (worn)
Jewellery
 g - a cursed amulet of regeneration (around neck)
Scrolls
 e - 3 scrolls of identify
 l - a scroll of fog
Potions
 k - 4 potions of curing
Books
 b - a book of Callings

   Spells                             Type                      Level
   a - Summon Small Mammal            Summoning                    1
   b - Call Imp                       Summoning                    2
   c - Call Canine Familiar           Summoning                    3
   d - Summon Guardian Golem          Hexes/Summoning              3
   e - Summon Lightning Spire         Summoning/Air                4
   f - Summon Ice Beast               Ice/Summoning                4
 j - a book of Necromancy

   Spells                             Type                      Level
   a - Pain                           Necromancy                   1
   b - Animate Skeleton               Necromancy                   1
   c - Vampiric Draining              Necromancy                   3
   d - Regeneration                   Charms/Necromancy            3
   e - Animate Dead                   Necromancy                   4
   f - Control Undead                 Necromancy                   4
Comestibles
 c - 4 bread rations
 h - 11 chunks of flesh
 i - 2 royal jellies
 n - a meat ration


   Skills:
 - Level 2.4 Dodging
 - Level 2.4 Stealth
 - Level 3.0 Spellcasting
 + Level 7.3 Summonings


You had 2 spell levels left.
You knew the following spells:

 Your Spells              Type           Power        Failure   Level  Hunger
b - Call Imp              Summ           ####....     1%          2    ##.....
c - Call Canine Familiar  Summ           ####....     1%          3    ###....
d - Summon Guardian Gole  Hex/Summ       ###.....     9%          3    ###....


Dungeon Overview and Level Annotations

Branches:
Dungeon (4/15)
 Temple: D:4-7

Altars:


Innate Abilities, Weirdness & Mutations

Your flesh is cold resistant. (rC+)
You are resistant to hostile enchantments. (MR+)
Your muscles are strong. (Str +2)
You evolve.


Message History

You feel sick.
You kill the adder!
Something hits your crimson imp.
Your crimson imp blinks!
Unknown command.
Casting: Call Imp
Confirm with . or Enter, or press ? or * to list all spells.
A beastly little devil appears in a puff of frigid air.
The orc barely misses your hound.
You swap places.
Something bites your crimson imp!
The gnoll hits you from afar with a spear of piercing.
The orc hits you with a dagger.
Casting: Call Imp
Confirm with . or Enter, or press ? or * to list all spells.
A beastly little devil appears in a puff of flame.
You feel sick.
Something hits your crimson imp but does no damage.
The gnoll hits you from afar with a spear of piercing!
* * * LOW HITPOINT WARNING * * *
You die...

##......# ##....####
#......# ##......##
##........#
###.........#
###5..........# .
##h5#.........## ..#
###o@##.........#
....###.g####........##
...5....## #.........#
......(.# #.....##..#
........# #..######..#
....5.#.. #### ..#
......#..# #..#
.....###.# ..# ..... ..


You could see a gnoll, an orc, a friendly hound, 2 friendly crimson imps and a
friendly white imp.

Vanquished Creatures
  3 adders
  An ooze (D:1)
  A worm (D:3)
  A leopard gecko (D:1)
  An orc (D:3)
  6 bats
  2 giant cockroaches
  6 goblins
  A hobgoblin (D:1)
  2 frilled lizards (D:3)
  2 kobolds
  2 rats
28 creatures vanquished.

Vanquished Creatures (collateral kills)
  The ghost of blackwizard the Shield-Bearer, an amateur TrFi (D:3)
  An orc priest (D:3)
  3 adders
  2 oozes
  A worm (D:3)
  A dart slug (D:3)
  3 leopard geckos
  4 orcs (D:3)
  A ball python (D:4)
  2 bats (D:1)
  A giant cockroach (D:1)
  5 hobgoblins
  8 jackals (D:1)
  A quokka (D:3)
  2 frilled lizards
  9 goblins
  10 kobolds
  6 rats
61 creatures vanquished.

Grand Total: 89 creatures vanquished

Notes
Turn   | Place    | Note
-------+----------+-------------------------------------------
     0 | D:1      | vatarom the Deep Elf Summoner began the quest for the Orb.
     0 | D:1      | Reached XP level 1. HP: 10/10 MP: 6/6
   415 | D:1      | Reached XP level 2. HP: 15/15 MP: 5/8
   420 | D:1      | Learned a level 2 spell: Call Imp
   437 | D:1      | Reached skill level 5 in Summonings
   908 | D:1      | Reached XP level 3. HP: 14/19 MP: 2/9
  1387 | D:1      | Learned a level 3 spell: Call Canine Familiar
  1532 | D:2      | Gained mutation: Your spells are a little harder to cast, but a little more powerful. [potion of mutation]
  1532 | D:2      | Gained mutation: Your magical capacity is low. (-10% MP) [potion of mutation]
  1532 | D:2      | Gained mutation: You evolve. [potion of mutation]
  1533 | D:2      | Lost mutation: Your magical capacity is low. (-10% MP) [potion of mutation]
  1533 | D:2      | Lost mutation: Your spells are a little harder to cast, but a little more powerful. [potion of mutation]
  1533 | D:2      | Gained mutation: Your flesh is cold resistant. (rC+) [potion of mutation]
  1533 | D:2      | Gained mutation: Your muscles are strong. (Str +2) [potion of mutation]
  1533 | D:2      | Gained mutation: You are resistant to hostile enchantments. (MR+) [potion of mutation]
  2233 | D:2      | Reached skill level 6 in Summonings
  2821 | D:3      | Reached XP level 4. HP: 24/24 MP: 10/10
  2826 | D:3      | Learned a level 3 spell: Summon Guardian Golem
  2930 | D:3      | Noticed blackwizard's ghost (amateur TrFi)
  2950 | D:3      | Killed blackwizard's ghost
  3068 | D:3      | Reached XP level 5. HP: 28/28 MP: 11/11
  3075 | D:3      | Reached skill level 7 in Summonings
  3703 | D:4      | Slain by a gnoll

Skill      XL: |  1  2  3  4  5 |
---------------+----------------+-----
Summonings     | 5 6 7 |  7.3
Dodging        | |  2.4
Stealth        | |  2.4
Spellcasting   | |  3.0

Action                   |  1- 3 |  4- 6 || total
-------------------------+-------+-------++-------
Melee: Unarmed           |     5 |       ||     5
       Dagger            |    50 |    35 ||    85
 Cast: Summon Small Mamm |    18 |       ||    18
       Call Imp          |    42 |    21 ||    63
       Call Canine Famil |     9 |     4 ||    13
  Use: Scroll            |     7 |     3 ||    10
       Potion            |     5 |     2 ||     7
 Stab: Sleeping          |     6 |     2 ||     8
  Eat: Bread ration      |     2 |     1 ||     3
       Chunk             |     2 |       ||     2
Armor: Robe              |    29 |     7 ||    36
Dodge: Dodged            |    67 |    29 ||    96
